Unix NetHack Version 5.0.0-0 post-release - last build May 31 2026 23:59:36 (970b52f25bf058293b47ddfd14a1e40e571c508c,branch:main).

Game began 2026-06-01 23:07:14, ended 2026-06-02 12:19:34.

ArrBianca, lawful female human Monk

 -----------
 |.........|        ------
 |.........|        |.....#
 |.........-##     #.....|##
 |.........| #######------ #
 |.....<...+#########%######
 ---------+-       #  #################
                   #       #
                   #       ###
                   #         #
                  ###       ##
                   #         ##%%0
                   #         ##  .
   --------|-------#         oe  ..
   |..............|#          @   ...
   |...............#          #   ....
   |.....>........|     #######   -----
   |.....{........-######
   ----------------

ArrBianca the Initiate          St:17 Dx:13 Co:17 In:12 Wi:15 Ch:8  Lawful
Dlvl:8  $:240 HP:0(48) Pw:36(36) AC:4  Xp:6 T:2795 

Latest messages:
 You attack thin air.
 You hit the snake!
 The snake bites!
 You hit the snake!
 The snake bites!
 The snake bites!
 You kill the snake!
 What do you want to drink? [desGIJMOPXZ or ?*]
 You feel better.
 You see here a snake corpse.
 You feel more confident in your fighting skills.
 You hit the floating eye!
 You are frozen by the floating eye's gaze!
 You hear the splashing of a naiad.
 You can move again.
 You hit the floating eye!
 You are frozen by the floating eye's gaze!
 You hear bubbling water.
 You hear an F note squeak nearby.
 The crude dagger hits the floating eye.
 The goblin hits!
 The goblin hits!
 The goblin hits!
 The goblin hits!
 The goblin hits!
 The goblin hits!
 The goblin hits!
 The goblin hits!
 The goblin hits!
 The goblin hits!
 The goblin hits!
 The goblin hits!
 The goblin misses!
 The goblin hits!
 The goblin hits!
 The goblin hits!
 The goblin misses!
 The goblin hits!
 The goblin hits!
 The goblin hits!
 The goblin hits!
 The goblin hits!
 The goblin hits!
 The goblin hits!
 The goblin hits!
 The goblin misses!
 The goblin misses!
 The goblin hits!
 You die...
 Do you want your possessions identified? [ynq] (y)

Inventory:
 Coins    ('$')
  $ - 240 gold pieces
 Weapons  (')')
  U - 3 +0 darts (at the ready)
  w - the +3 Sting
 Comestibles  ('%')
  f - 5 uncursed food rations
 Wands    ('/')
  v - a wand of cold (0:5)
  m - a wand of magic missile (0:4)
  y - a wand of secret door detection (0:11)
 Tools    ('(')
  x - an uncursed skeleton key
  l - an uncursed stethoscope
 Scrolls  ('?')
  N - a blessed scroll of enchant armor
  H - 2 uncursed scrolls of enchant armor
  r - an uncursed scroll of identify
  c - a blessed scroll of remove curse
  W - 2 uncursed scrolls of teleportation
 Potions  ('!')
  P - an uncursed potion of confusion
  G - a cursed potion of confusion
  O - an uncursed potion of gain ability
  I - a cursed potion of gain energy
  Z - an uncursed potion of gain level
  d - a blessed potion of healing
  e - 4 uncursed potions of healing
  J - a cursed potion of healing
  s - an uncursed potion of levitation
  X - an uncursed potion of object detection
  M - 2 uncursed potions of restore ability
 Armor    ('[')
  a - an uncursed +2 pair of leather gloves (being worn)
  b - an uncursed +1 robe (being worn)
 Spellbooks  ('+')
  j - a blessed spellbook of confuse monster
  t - an uncursed spellbook of force bolt
 Gems/Stones  ('*')
  A - an uncursed worthless piece of yellowish brown glass

ArrBianca the Monk's attributes:

Background:
 You were an Initiate, a level 6 female human Monk.
 You were lawful, nominally on a mission for Shan Lai Ching
 who was opposed by Chih Sung-tzu (neutral) and Huan Ti (chaotic).
 You were right-handed.
 You were in the Dungeons of Doom, on level 8.
 You entered the dungeon 2795 turns ago.
 There was a full moon in effect when your adventure ended.
 You had 384 experience points, 256 more were needed to attain level 7.

Basics:
 You had 0 out of 48 hit points.
 You had all 36 energy points (spell power).
 Your armor class was 4.
 Your wallet contained 240 zorkmids.
 Autopickup was on for '$?!/="+%' plus thrown, with exceptions.

Final Characteristics:
 Your strength was 17 (limit:18/100).
 Your dexterity was 13 (limit:18).
 Your constitution was 17 (limit:18).
 Your intelligence was 12 (limit:18).
 Your wisdom was 15 (limit:18).
 Your charisma was 8 (limit:18).

Final Status:
 You weren't hungry.
 You were unencumbered.
 You were empty handed.
 You had basic skill with martial arts and could have enhanced that.

Final Attributes:
 You were piously aligned.
 You were sleep resistant.
 You were poison resistant.
 You saw invisible.
 You were stealthy.
 You were guarded.
 Your spell casting was enhanced by wearing a robe.
 You were fast.
 You were lucky.
 You are dead.

Miscellaneous:
 You didn't encounter any bones levels.
 Total elapsed playing time was 14 minutes and 38 seconds.

Major events:
 Turn
    1: ArrBianca the lawful female human Monk entered the dungeon
  649: attained the rank of Novice (level 3)
  852: entered the Gnomish Mines
  865: found Sting on the floor
 1537: consulted the Oracle
 2394: attained the rank of Initiate (level 6)
 2795: killed by a goblin, while frozen by a floating eye's gaze

Spells:
 Name                 Level Category     Fail Retention
 confuse monster        1   enchantment    0%  76%-100%
 force bolt             1   attack         0%  76%-100%

Skills:
 Fighting Skills
   martial arts       [Basic]
 Weapon Skills
   quarterstaff       [Unskilled]
   spear              [Unskilled]
   crossbow           [Unskilled]
   shuriken           [Unskilled]
 Spellcasting Skills
   attack spells      [Unskilled]
   healing spells     [Basic]
   divination spells  [Unskilled]
   enchantment spells [Unskilled]
   clerical spells    [Unskilled]
   escape spells      [Unskilled]
   matter spells      [Unskilled]

Voluntary challenges:
 Character rerolling was not enabled.
 You were an atheist.
 You never hit with a wielded weapon.
 You never genocided any monsters.
 You never polymorphed an object.
 You never changed form.
 You used no wishes.
Achievements:
 You attained the rank of Novice.
 You entered the Gnomish Mines.
 You consulted the Oracle of Delphi.
 You entered a shop.
 You attained the rank of Initiate.

 The Dungeons of Doom: levels 1 to 8
    Level 1:
       A fountain.
    Level 2:
    Level 3:
    Level 4:
       Stairs down to The Gnomish Mines.
    Level 5:
       Many fountains.
       Oracle of Delphi.
    Level 6:
       A fountain.
    Level 7:
       An armor shop, a fountain.
    Level 8: <- You were here.
       A fountain.
       Final resting place for
          you, killed by a goblin, while frozen by a floating eye's gaze.
 The Gnomish Mines:
    Level 5:


Vanquished creatures:
  a giant beetle
  2 ravens
  a snake
 an imp
  a pony
  a fog cloud
  a gnome leader
  a gray ooze
  a baby crocodile
  3 floating eyes
  a homunculus
  a giant bat
  a wererat
 an acid blob
  4 coyotes
  2 yellow molds
  a red mold
  3 gnomes
  6 geckos
  2 jackals
  a fox
  2 kobolds
  2 goblins
  a sewer rat
  6 grid bugs
  2 bats
  2 lichens
  7 newts
58 creatures vanquished.

No species were genocided or became extinct.

Game over:
                       ----------
                      /          \
                     /    REST    \
                    /      IN      \
                   /     PEACE      \
                  /                  \
                  |    ArrBianca     |
                  |      240 Au      |
                  |   killed by a    |
                  |      goblin      |
                  |                  |
                  |                  |
                  |       2026       |
                 *|     *  *  *      | *
        _________)/\\_//(\/(/\)/\//\/|_)_______

Goodbye ArrBianca the Monk...

You died in The Dungeons of Doom on dungeon level 8 with 2123 points,
and 240 pieces of gold, after 2795 moves.
You were level 6 with a maximum of 48 hit points when you died.

